 Dungeon Crawl Stone Soup version 0.31-a0-986-g5e6e4ef867 (webtiles) character file.

Game seed: 16676139574867591990

231 Whiskey the Caller (level 5, -4/40 HPs)
             Began as a Demonspawn Summoner on Nov 8, 2023.
             Slain by a kobold brigand
             ... wielding a +0 whip
              (7 damage)
             ... in a sewer.
             The game lasted 00:07:07 (2321 turns).

Whiskey the Caller (Demonspawn Summoner)            Turns: 2321, Time: 00:07:07

Health: -4/40      AC:  3    Str: 11    XL:     5   Next: 73%
Magic:  4/8        EV: 12    Int: 16    God:
Gold:   111        SH:  0    Dex: 13    Spells: 4/8 levels left

rFire   . . .        q - +0 dagger (venom)
rCold   . . .        (no shield)
rNeg    + . .        a - +0 robe
rPois   .            (no helmet)
rElec   .            (no cloak)
rCorr   +            (no gloves)
SInv    .            o - +0 pair of boots
Will    .....        (no amulet)
Stlth   ++           i - ring of resist corrosion
HPRegen 0.26/turn    j - ring of positive energy {rN+}
MPRegen 0.11/turn

%: no passive effects
@: no status effects
A: hooves 1, demonic magic 1
a: no special abilities


You were in a sewer.
You visited 1 branch of the dungeon, and saw 3 of its levels.
You also visited: Sewer.

You collected 111 gold pieces.

Inventory:

Hand Weapons
 m - a +0 spear
   (You found it on level 1 of the Dungeon)
 q - a +0 dagger of venom (weapon)
   (You found it on level 1 of the Dungeon)
 s - a +1 vampiric dagger {!w}
   (You found it on level 2 of the Dungeon)
Missiles
 r - 2 silver javelins (quivered)
 B - a curare-tipped dart
Armour
 a - a +0 robe (worn)
 c - a +0 robe
   (You found it on level 1 of the Dungeon)
 o - a +0 pair of boots (worn)
   (You found it on level 1 of the Dungeon)
 p - a +0 ring mail
   (You found it on level 1 of the Dungeon)
 v - a +0 leather armour
   (You found it on level 2 of the Dungeon)
 y - a +0 ring mail
   (You took it off an orc on level 3 of the Dungeon)
Jewellery
 i - a ring of resist corrosion (left hand)
   (You found it on level 1 of the Dungeon)
 j - a ring of positive energy (right hand) {rN+}
   (You found it on level 1 of the Dungeon)
Scrolls
 e - 2 scrolls of teleportation {unknown}
 g - 2 scrolls of noise {unknown}
 k - a scroll of vulnerability {unknown}
 l - a scroll of enchant armour {unknown}
 t - 2 scrolls of identify {unknown}
 u - a scroll of blinking {unknown}
 w - a scroll of silence {unknown}
 z - a scroll of enchant weapon {unknown}
Potions
 b - a potion of magic
 d - a potion of brilliance {unknown}
 f - 2 potions of enlightenment
 h - a potion of degeneration {unknown}
 n - a potion of mutation {unknown}
 x - 2 potions of haste {unknown}
 A - a potion of cancellation
 C - 2 potions of invisibility {unknown}


   Skills:
 + Level 2.8 Fighting
 - Level 1.7 Dodging
 - Level 1.7 Stealth
 - Level 2.0 Spellcasting
 * Level 6.3 Summonings


You had 4 spell levels left.
You knew the following spells:

 Your Spells              Type           Power      Damage    Failure   Level
a - Summon Small Mammal   Summ           84%        N/A       1%          1
c - Call Canine Familiar  Summ           21%        N/A       4%          3

Your spell library contained the following spells:

 Spells                   Type           Power      Damage    Failure   Level
 Call Imp                 Summ           42%        N/A       2%          2
 Summon Guardian Golem    Hex/Summ       11%        N/A       17%         3
 Poisonous Vapours        Pois/Air       2%         N/A       30%         2
 Summon Lightning Spire   Summ/Air       11%        N/A       50%         4
 Mephitic Cloud           Conj/Pois/Air  1%         N/A       52%         3
 Freezing Cloud           Conj/Ice/Air   0%         6-21      99%         5


Dungeon Overview and Level Annotations

Branches:
Dungeon (3/15)              Sewer (1/1)

Altars:
Qazlal


Innate Abilities, Weirdness & Mutations

You have large cloven feet.
Spells you cast may paralyse adjacent enemies.


Message History

You puncture the kobold!
You kill the kobold!
The kobold brigand barely misses you.
The kobold throws a stone.
The stone closely misses your hound. The stone misses you.
The kobold hits your hound with a +0 short sword.
You hit the kobold brigand but do no damage.
Your hound bites the kobold brigand.
The kobold brigand closely misses your hound.
The kobold hits your hound with a +0 dagger.
The kobold brigand hits your hound with a +0 dagger.
The kobold hits your hound with a +0 short sword.
Your hound bites the kobold but does no damage.
You barely miss the kobold brigand.
Your hound bites the kobold.
The kobold brigand closely misses your hound.
The kobold throws a stone.
The stone hits your hound. The kobold brigand barely misses you.
The kobold hits your hound but does no damage.
You barely miss the kobold brigand.
Your hound bites the kobold.
The kobold dies!
The kobold brigand throws a curare-tipped dart.
The curare-tipped dart closely misses your hound.
The curare-tipped dart hits you.
You are poisoned.
You have difficulty breathing.
You feel yourself slow down.
The kobold hits your hound with a +0 dagger.
The kobold brigand hits you with a +0 dagger.
Your hound barely misses the kobold.
You take 8 damage, and have 31/39 hp.
MASSIVE DAMAGE!!
You hit the kobold brigand but do no damage.
You feel very sick.
Your hound bites the kobold.
The kobold dies!
The kobold brigand hits your hound with a +0 whip.
The kobold brigand hits your hound with a +0 dagger.
Your hound dies!
Your hound's corpse disappears in a puff of smoke!
Your Summonings skill increases to level 6!
You take 4 damage, and have 27/39 hp.
Malevolent energies surge around you.
The kobold brigand suddenly stops moving!
You feel sick.
The kobold brigand completely misses you.
You take 2 damage, and have 25/39 hp.
You now have 3/8 mp.
The helpless kobold brigand fails to defend itself.
You hit the kobold brigand.
The kobold brigand is poisoned.
You feel sick.
The kobold brigand is no longer paralysed.
Your hound barely misses the kobold brigand.
The kobold brigand hits you with a +0 dagger.
Your hound bites the kobold.
The kobold dies!
You take 5 damage, and have 20/39 hp.
You hit the kobold brigand.
The kobold brigand looks as sick as possible!
You feel sick. The kobold brigand barely misses you.
The kobold brigand hits you with a +0 dagger.
Your hound misses the kobold brigand.
The kobold brigand hits you with a +0 whip.
The kobold brigand closely misses you.
You take 7 damage, and have 13/39 hp.
You hit the kobold brigand.
The kobold brigand looks as sick as possible!
You feel sick.
Your hound bites the kobold brigand.
The kobold brigand closely misses you.
Your hound bites the kobold brigand.
The kobold brigand hits you with a +0 dagger.
* * * LOW HITPOINT WARNING * * *
You take 3 damage, and have 10/39 hp.
You hit the kobold brigand but do no damage.
The kobold brigand looks as sick as possible!
You feel sick.
You are no longer poisoned.
Your hound barely misses the kobold brigand.
The kobold brigand barely misses you. The kobold brigand closely misses you.
Your hound misses the kobold brigand. The kobold brigand barely misses you.
The kobold brigand hits you with a +0 dagger.
* * * LOW HITPOINT WARNING * * *
Your hound closely misses the kobold brigand.
You take 7 damage, and have 3/39 hp.
It was a potion of enlightenment.
You feel very buoyant.
You fly up into the air.
Your hound barely misses the kobold brigand.
The kobold brigand hits you with a +0 whip.
* * * LOW HITPOINT WARNING * * *
The kobold brigand barely misses you.
Your hound bites the kobold brigand.
You take 1 damage, and have 2/39 hp.
It was a potion of cancellation.
Your magical effects are unravelling.
You feel magically purged.
You feel yourself speed up.
You float gracefully downwards.
Your enlightenment fades.
You kill the kobold brigand!
Your hound bites the kobold brigand.
The kobold brigand barely misses you.
Your hound barely misses the kobold brigand.
The kobold brigand barely misses you.
Okay, then.
Your hound barely misses the kobold brigand.
The kobold brigand attacks as it pursues you!
The kobold brigand hits you with a +0 whip!
You die...

~~~.........~~~~..)).∩.#.∩.#
P~~P........~P~~P.#....#...#
#~############~~########'###
~~~~ ~~~~~~~~~~~~~~~~~~~~~≈#
~≈≈≈ ≈~≈≈≈≈≈~≈≈≈≈≈~≈≈≈≈≈~≈≈#
~~~~ ~~~~~~~~~~~~~~~~~~~~≈#
########~~~#################
~P...P~~P~~P~~....#....#
~~..P~~..~~~~...@P)!.∩.#
...........P..†.K.h).[.#
..................#)!..#
.........P........# ####
.................##
......##.........#
##...####..####### #####
####


You could see a kobold brigand (ally target) and a friendly hound (summoned).

Vanquished Creatures
  2 kobold brigands (Sewer)
  4 adders
  3 dart slugs
  3 orcs (D:3)
  2 bats (Sewer)
  An endoplasm (D:2)
  3 giant cockroaches
  A goblin (D:2)
  2 hobgoblins
  5 kobolds
  2 quokkas
  5 ball pythons
  A frilled lizard (D:2)
  7 rats
41 creatures vanquished.

Vanquished Creatures (collateral kills)
  An endoplasm (D:1)
  A giant cockroach (D:1)
  A goblin (D:2)
  A quokka (D:3)
  7 kobolds (Sewer)
11 creatures vanquished.

Grand Total: 52 creatures vanquished

Notes
Turn   | Place    | Note
-------+----------+-------------------------------------------
     0 | D:1      | Whiskey the Demonspawn Summoner began the quest for the
                  | Orb.
     0 | D:1      | Reached XP level 1. HP: 13/13 MP: 3/3
    72 | D:1      | HP: 3/13 [dart slug/slug dart (5)]
   417 | D:1      | Gained mutation: You have large cloven feet. [demonic
                  | ancestry]
   417 | D:1      | Reached XP level 2. HP: 8/19 MP: 5/5
  1192 | D:2      | Gained mutation: Spells you cast may paralyse adjacent
                  | enemies. [demonic ancestry]
  1192 | D:2      | Reached XP level 3. HP: 22/25 MP: 6/6
  1219 | D:2      | Found a stormy altar of Qazlal.
  1301 | D:2      | Reached skill level 1 in Fighting
  1569 | D:2      | Learned a level 3 spell: Call Canine Familiar
  1593 | D:3      | Found a faded altar of an unknown god.
  1682 | D:3      | Reached skill level 5 in Summonings
  1995 | D:3      | Reached XP level 4. HP: 29/32 MP: 1/7
  2014 | D:3      | Found a glowing drain.
  2021 | Sewer    | Entered a sewer
  2166 | Sewer    | Noticed a kobold brigand
  2173 | Sewer    | Killed a kobold brigand
  2174 | Sewer    | Reached skill level 2 in Fighting
  2174 | Sewer    | Reached XP level 5. HP: 34/39 MP: 4/8
  2314 | Sewer    | Reached skill level 6 in Summonings
  2318 | Sewer    | HP: 9/39 [poisoned by a kobold brigand (curare-tipped
                  | dart)]
  2318 | Sewer    | HP: 3/39 [kobold brigand/+0 dagger (6)]
  2321 | Sewer    | Slain by a kobold brigand

Illustrated notes

Levels and vault maps discovered:
D:1:      dpeg_arrival_stone_temple_mockup, layout_loops_ring
D:2:      layout_basic, basic_altar
D:3:      minmay_angry_zag, layout_basic, mainiacjoe_overflow_alcove_2,
          serial_co_window_serial, co_window_paths_b, co_window_paths_b,
          co_window_corner_a, co_window_paths_a, co_window_paths_a,
          co_window_paths_c, co_window_corner_b, co_window_of_opportunity_b,
          glass_columns_a, shapermc_ecumenical_altar_totnotflames,
          gup_sewer_entry_spiral
Sewer:    kennysheep_pipe_town

Skill      XL: |  1  2  3  4  5 |
---------------+----------------+-----
Fighting       | 1 2 |  2.8
Summonings     | 5 6 |  6.3
Dodging        | |  1.7
Stealth        | |  1.7
Spellcasting   | |  2.0

Action                     |  1- 3 |  4- 6 || total
---------------------------+-------+-------++-------
  Melee: Unarmed           |    21 |       ||    21
         Spear             |    26 |       ||    26
         Dagger            |    72 |    38 ||   110
         Punch             |     1 |       ||     1
   Cast: Summon Small Mamm |     7 |       ||     7
         Call Canine Famil |     2 |     4 ||     6
    Use: Potion            |       |     2 ||     2
   Stab: Sleeping          |     8 |     1 ||     9
         Distracted        |     1 |       ||     1
         Paralysed         |     2 |     6 ||     8
 Armour: Robe              |    41 |    26 ||    67
  Dodge: Dodged            |    63 |    36 ||    99

Table legend: (Time is in decaauts)
 A = Elapsed time spent in this place.
 B = Non-inter-level travel time spent in this place.
 C = Inter-level travel time spent in this place.
 D = Time resting spent in this place.
 E = Time spent auto-exploring this place.
 F = Levels seen in this place.
 G = Mean time per level.
                   A        B        C        D        E       F      G
               +--------+--------+--------+--------+--------+-----+--------+
         Total |   2361 |   2270 |     91 |    186 |   1514 |   4 |  590.2 |
       Dungeon |   2044 |   1953 |     91 |    113 |   1378 |   3 |  681.3 |
         Sewer |    317 |    317 |      0 |     73 |    135 |   1 |  317.0 |
               +--------+--------+--------+--------+--------+-----+--------+

Top non-repeatable levels by time:
     D:2: 793 daAuts
     D:1: 790 daAuts
     D:3: 459 daAuts
   Sewer: 317 daAuts

Levels and vault maps discovered:
D:1:      dpeg_arrival_stone_temple_mockup, layout_loops_ring
D:2:      layout_basic, basic_altar
D:3:      minmay_angry_zag, layout_basic, mainiacjoe_overflow_alcove_2,
          serial_co_window_serial, co_window_paths_b, co_window_paths_b,
          co_window_corner_a, co_window_paths_a, co_window_paths_a,
          co_window_paths_c, co_window_corner_b, co_window_of_opportunity_b,
          glass_columns_a, shapermc_ecumenical_altar_totnotflames,
          gup_sewer_entry_spiral
Sewer:    kennysheep_pipe_town

Table legend: (Time is in decaauts)
 A = Elapsed time spent in this place.
 B = Non-inter-level travel time spent in this place.
 C = Inter-level travel time spent in this place.
 D = Time resting spent in this place.
 E = Time spent auto-exploring this place.
 F = Levels seen in this place.
 G = Mean time per level.
                   A        B        C        D        E       F      G
               +--------+--------+--------+--------+--------+-----+--------+
         Total |   2361 |   2270 |     91 |    186 |   1514 |   4 |  590.2 |
       Dungeon |   2044 |   1953 |     91 |    113 |   1378 |   3 |  681.3 |
         Sewer |    317 |    317 |      0 |     73 |    135 |   1 |  317.0 |
               +--------+--------+--------+--------+--------+-----+--------+

Top non-repeatable levels by time:
     D:2: 793 daAuts
     D:1: 790 daAuts
     D:3: 459 daAuts
   Sewer: 317 daAuts

Table legend:
 A = Kills in this place as a percentage of kills in the entire game.
 B = Kills by you in this place as a percentage of kills by you in the entire game.
 C = Kills by friends in this place as a percentage of kills by friends in the entire game.
 D = Other kills in this place as a percentage of other kills in the entire game.
 E = Experience gained in this place as a percentage of experience gained in the entire game.
 F = Experience gained in this place divided by the number of levels of this place that you have seen.
                   A       B       C       D       E      F
               +-------+-------+-------+-------+-------+----------------------
         Total | 100.0 | 100.0 | 100.0 |   N/A | 100.0 |  82.8
       Dungeon |  63.5 |  70.7 |  36.4 |   N/A |  34.1 |  37.7
         Sewer |  36.5 |  29.3 |  63.6 |   N/A |  65.9 | 218.0
               +-------+-------+-------+-------+-------+----------------------
